 Dungeon Crawl Stone Soup version 0.27.1-34-g3ba077fa99 (webtiles) character file.

Game seed: 16757328415564904041

349 Romesagentofchaos the Covert (level 6, -3/42 HPs)
             Began as an Octopode Brigand on Jan 25, 2022.
             Slain by a sky beast (5 damage)
             ... on level 4 of the Dungeon.
             The game lasted 00:08:53 (2668 turns).

Romesagentofchaos the Covert (Octopode Brigand)     Turns: 2668, Time: 00:08:53

Health: -3/42      AC:  1    Str: 10    XL:     6   Next: 60%
Magic:  0/6        EV: 13    Int: 14    God:
Gold:   84         SH:  0    Dex: 15    Spells: 5/5 levels left

rFire    . . .     SeeInvis .   a - +3 dagger
rCold    . . .     Faith    .   (no shield)
rNeg     . . .     Spirit   +   (helmet restricted)
rPois    .         Reflect  .   e - amulet of guardian spirit
rElec    .         Harm     .   (no ring)
rCorr    .         Rampage  .   (no ring)
Will     .....                  (no ring)
Stlth    +++++.....             (no ring)
HPRegen  0.14/turn              (no ring)
MPRegen  0.10/turn              (no ring)
                                (no ring)
                                (no ring)

@: no status effects
A: almost no armour, amphibious, 8 rings, camouflage 1, gelatinous body 1,
(nimble swimmer 1), tentacles
a: no special abilities


You were on level 4 of the Dungeon.
You visited 1 branch of the dungeon, and saw 4 of its levels.

You collected 84 gold pieces.

Inventory:

Hand Weapons
 a - a +3 dagger (weapon)
Missiles
 b - 20 poisoned darts (quivered)
 c - 2 curare-tipped darts
Jewellery
 e - an amulet of guardian spirit (around mantle)
Scrolls
 d - a scroll of magic mapping
 g - a scroll of fog


   Skills:
 + Level 3.0 Fighting
 + Level 3.5 Short Blades
 + Level 2.0 Throwing
 + Level 2.0 Dodging
 + Level 8.8 Stealth


You had 5 spell levels left.
You didn't know any spells.
Your spell library contained the following spells:

 Spells                   Type           Power      Damage    Failure   Level
 Freeze                   Ice            0%         1d3       28%         1
 Sting                    Tmut/Pois      0%         1d3       28%         1
 Poisonous Vapours        Pois/Air       0%         N/A       41%         2
 Frozen Ramparts          Ice            0%         1d2       65%         3
 Hailstorm                Conj/Ice       0%         3d3       96%         4
 Olgreb's Toxic Radiance  Pois           0%         N/A       96%         4


Dungeon Overview and Level Annotations

Branches:
Dungeon (4/15)
 Temple: D:4-7

Altars:
Elyvilon

Annotations:
D:4 2 transporters, cbfl8's ghost, weakling MiDe


Innate Abilities, Weirdness & Mutations

You cannot wear most types of armour.
You are amphibious.
You can wear up to eight rings at the same time.
Your skin changes colour to match your surroundings (Stealth+).
Your rubbery body absorbs attacks. (AC +1, EV +1)
((You are camouflaged near water. (Stealth+)))
You have tentacles for arms and can constrict up to eight enemies at once.


Message History

You miss the ufetubus. Your grab misses the ufetubus. You squeeze the ufetubus.
You kill the ufetubus!
You miss the goblin. You grab the goblin. You constrict the goblin.
The goblin hits you with a +0 dagger.
You hit the goblin.
You kill the goblin!
Magic restored.
HP restored.
Found a scroll of magic mapping.
d - a scroll of magic mapping A sky beast comes into view.
You hit the sky beast but do no damage. The sky beast misses you.
You hit the sky beast. You squeeze the sky beast.
The sky beast is moderately wounded.
The sky beast hits you but does no damage.
You hit the sky beast.
The sky beast is heavily wounded.
The sky beast hits you. The sky beast shocks you.
You hit the sky beast.
You squeeze the sky beast, but do no damage.
The sky beast is heavily wounded.
The sky beast hits you. The sky beast shocks you.
You hit the sky beast.
The sky beast is severely wounded.
You hit the sky beast but do no damage.
The sky beast is severely wounded.
The sky beast flickers out of sight!
Deactivating autopickup; reactivate with Ctrl-A.
Something hits you. Something shocks you.
You miss something. Something hits you. Something shocks you.
You miss something. Something hits you.
* * * LOW HITPOINT WARNING * * *
Something shocks you.
* * * LOW HITPOINT WARNING * * *
You miss something.
A sky beast appears from thin air!
Reactivating autopickup.
The sky beast hits you.
* * * LOW HITPOINT WARNING * * *
The sky beast shocks you.
You die...

## ### .###########.#
.............#
.###########.###########
.# #....@Y......
.#######################
.......................#
.####### #####...#####.#
....##########...#
.........#...'...#
....####.#.###...# ....#
#.#.##...## ....#
#.#.##.#..#


You could see a sky beast.

Vanquished Creatures
  Grinder (D:3)
  An orc priest (D:2)
  A jelly (D:4)
  An adder (D:2)
  An ufetubus (D:4)
  A worm (D:2)
  A dart slug (D:2)
  4 orcs (D:2)
  5 endoplasms
  2 giant cockroaches (D:1)
  7 goblins
  5 hobgoblins
  5 jackals
  10 kobolds
  2 quokkas
  8 ball pythons
  5 bats
  4 frilled lizards (D:1)
  3 rats
67 creatures vanquished.

Notes
Turn   | Place    | Note
-------+----------+-------------------------------------------
     0 | D:1      | Romesagentofchaos the Octopode Brigand began the quest for
                  | the Orb.
     0 | D:1      | Reached XP level 1. HP: 14/14 MP: 1/1
   121 | D:1      | Reached XP level 2. HP: 19/19 MP: 2/2
   301 | D:1      | Found a faded altar of an unknown god.
   335 | D:1      | Reached skill level 6 in Stealth
   640 | D:1      | Reached XP level 3. HP: 15/24 MP: 3/3
  1033 | D:2      | Reached skill level 7 in Stealth
  1033 | D:2      | Reached XP level 4. HP: 29/29 MP: 4/4
  1442 | D:2      | Found a white marble altar of Elyvilon.
  1855 | D:3      | Noticed Grinder
  1864 | D:3      | Killed Grinder
  1865 | D:3      | Reached skill level 8 in Stealth
  1865 | D:3      | Reached XP level 5. HP: 15/36 MP: 1/5
  1865 | D:3      | Reached XP level 6. HP: 17/41 MP: 1/6
  2486 | D:4      | Noticed cbfl8's ghost (weakling MiDe)
  2486 | D:4      | Found a transporter.
  2497 | D:4      | Found a transporter.
  2655 | D:4      | Noticed a sky beast
  2668 | D:4      | HP: 2/42 [sky beast (4)]
  2668 | D:4      | Slain by a sky beast

Illustrated notes

Levels and vault maps discovered:
D:1:      wander_arrival_chamber, layout_basic,
          dilly_ecumenical_altar_fadedgnrine
D:2:      layout_loops_cross, basic_altar, kennysheep_generic_room_15
D:3:      layout_basic, grunt_decor_junction, uniq_grinder
D:4:      layout_basic, mainiacjoe_overflow_chevrons,
          minmay_temple_entry_mini_moons, gammafunk_ghost_arena

Skill      XL: |  1  2  3  4  5  6 |
---------------+-------------------+-----
Stealth        | 6 7 8 |  8.8
Short Blades   | 3 |  3.5
Dodging        | 2 |  2.0
Fighting       | 3 |  3.0
Throwing       | |  2.0

Action                   |  1- 3 |  4- 6 || total
-------------------------+-------+-------++-------
Melee: Dagger            |    50 |    72 ||   122
       Constrict         |    11 |     5 ||    16
       Tentacles         |     8 |     8 ||    16
  Use: Potion            |     2 |     4 ||     6
       Scroll            |     2 |     5 ||     7
 Stab: Sleeping          |    14 |    16 ||    30
Armor: Skin              |     2 |     7 ||     9
Dodge: Dodged            |    10 |    48 ||    58
